[gd_scene load_steps=3 format=2]

[ext_resource path="res://Assets/img/UI/panel_blue.png" type="Texture" id=1]
[ext_resource path="res://Scenes/SupportScenes/PlayerStats.gd" type="Script" id=2]

[node name="PlayerStats" type="Control"]
anchor_right = 1.0
anchor_bottom = 1.0
mouse_filter = 2
script = ExtResource( 2 )
__meta__ = {
"_edit_use_anchors_": false
}

[node name="NinePatchRect" type="NinePatchRect" parent="."]
anchor_left = 0.5
anchor_top = 0.5
anchor_right = 0.5
anchor_bottom = 0.5
margin_left = -180.0
margin_top = -184.0
margin_right = 180.0
margin_bottom = 184.0
texture = ExtResource( 1 )
patch_margin_left = 22
patch_margin_top = 33
patch_margin_right = 21
patch_margin_bottom = 34

[node name="VBoxContainer" type="VBoxContainer" parent="NinePatchRect"]
anchor_right = 1.0
anchor_bottom = 1.0
margin_left = 20.0
margin_top = 30.0
margin_right = -20.0
margin_bottom = -20.0
__meta__ = {
"_edit_use_anchors_": false
}

[node name="Title" type="Label" parent="NinePatchRect/VBoxContainer"]
margin_right = 320.0
margin_bottom = 14.0
text = "Stats"
align = 1
valign = 1

[node name="MarginContainer" type="MarginContainer" parent="NinePatchRect/VBoxContainer"]
margin_top = 18.0
margin_right = 320.0
margin_bottom = 18.0

[node name="Strenght" type="HBoxContainer" parent="NinePatchRect/VBoxContainer"]
margin_top = 22.0
margin_right = 320.0
margin_bottom = 36.0

[node name="StatName" type="Label" parent="NinePatchRect/VBoxContainer/Strenght"]
margin_right = 104.0
margin_bottom = 14.0
size_flags_horizontal = 3
text = "Strenght"

[node name="MarginContainer" type="MarginContainer" parent="NinePatchRect/VBoxContainer/Strenght"]
margin_left = 108.0
margin_right = 212.0
margin_bottom = 14.0
size_flags_horizontal = 11

[node name="StatValue" type="Label" parent="NinePatchRect/VBoxContainer/Strenght"]
margin_left = 216.0
margin_right = 320.0
margin_bottom = 14.0
size_flags_horizontal = 3
text = "0"

[node name="Vitality" type="HBoxContainer" parent="NinePatchRect/VBoxContainer"]
margin_top = 40.0
margin_right = 320.0
margin_bottom = 54.0

[node name="StatName" type="Label" parent="NinePatchRect/VBoxContainer/Vitality"]
margin_right = 104.0
margin_bottom = 14.0
size_flags_horizontal = 3
text = "Vitality"

[node name="MarginContainer" type="MarginContainer" parent="NinePatchRect/VBoxContainer/Vitality"]
margin_left = 108.0
margin_right = 212.0
margin_bottom = 14.0
size_flags_horizontal = 11

[node name="StatValue" type="Label" parent="NinePatchRect/VBoxContainer/Vitality"]
margin_left = 216.0
margin_right = 320.0
margin_bottom = 14.0
size_flags_horizontal = 3
text = "0"

[node name="Dexterity" type="HBoxContainer" parent="NinePatchRect/VBoxContainer"]
margin_top = 58.0
margin_right = 320.0
margin_bottom = 72.0

[node name="StatName" type="Label" parent="NinePatchRect/VBoxContainer/Dexterity"]
margin_right = 104.0
margin_bottom = 14.0
size_flags_horizontal = 3
text = "Dexterity"

[node name="MarginContainer" type="MarginContainer" parent="NinePatchRect/VBoxContainer/Dexterity"]
margin_left = 108.0
margin_right = 212.0
margin_bottom = 14.0
size_flags_horizontal = 11

[node name="StatValue" type="Label" parent="NinePatchRect/VBoxContainer/Dexterity"]
margin_left = 216.0
margin_right = 320.0
margin_bottom = 14.0
size_flags_horizontal = 3
text = "0"

[node name="Intelligence" type="HBoxContainer" parent="NinePatchRect/VBoxContainer"]
margin_top = 76.0
margin_right = 320.0
margin_bottom = 90.0

[node name="StatName" type="Label" parent="NinePatchRect/VBoxContainer/Intelligence"]
margin_right = 104.0
margin_bottom = 14.0
size_flags_horizontal = 3
text = "Intelligence"

[node name="MarginContainer" type="MarginContainer" parent="NinePatchRect/VBoxContainer/Intelligence"]
margin_left = 108.0
margin_right = 212.0
margin_bottom = 14.0
size_flags_horizontal = 11

[node name="StatValue" type="Label" parent="NinePatchRect/VBoxContainer/Intelligence"]
margin_left = 216.0
margin_right = 320.0
margin_bottom = 14.0
size_flags_horizontal = 3
text = "0"

[node name="Wisdom" type="HBoxContainer" parent="NinePatchRect/VBoxContainer"]
margin_top = 94.0
margin_right = 320.0
margin_bottom = 108.0

[node name="StatName" type="Label" parent="NinePatchRect/VBoxContainer/Wisdom"]
margin_right = 104.0
margin_bottom = 14.0
size_flags_horizontal = 3
text = "Wisdom"

[node name="MarginContainer" type="MarginContainer" parent="NinePatchRect/VBoxContainer/Wisdom"]
margin_left = 108.0
margin_right = 212.0
margin_bottom = 14.0
size_flags_horizontal = 11

[node name="StatValue" type="Label" parent="NinePatchRect/VBoxContainer/Wisdom"]
margin_left = 216.0
margin_right = 320.0
margin_bottom = 14.0
size_flags_horizontal = 3
text = "0"
